 Dungeon Crawl Stone Soup version 0.22.1-2-g9c5b331 (webtiles) character file.

532 Malhgor the Ruffian (level 7, -3/105 HPs)
             Began as a Troll Berserker on Jan 1, 2019.
             Was a Priest of Trog.
             Slain by a worker ant (6 damage)
             ... on level 4 of the Dungeon.
             The game lasted 00:08:40 (1942 turns).

Malhgor the Ruffian (Troll Berserker)               Turns: 1942, Time: 00:08:40

Health: -3/105     AC:  5    Str: 28 (31) XL:     7   Next: 3%
Magic:  6/6        EV: 10    Int:  4 (5)  God:    Trog [***...]
Gold:   121        SH:  0    Dex: 11 (13) Spells: 6/6 levels left

rFire    . . .     SeeInvis .     - Unarmed
rCold    . . .     Gourm    +   (no shield)
rNeg     . . .     Faith    .   a - +0 animal skin
rPois    .         Spirit   .   (helmet restricted)
rElec    .         Reflect  .   (no cloak)
rCorr    .         Harm     .   (gloves unavailable)
MR       .....                  (boots unavailable)
Stlth    ..........             (no amulet)
HPRegen  0.67/turn              (no ring)
MPRegen  0.10/turn              (no ring)

@: berserking, lethally poisoned (-3 -> -6), very quick
A: large, unfitting armour, antennae 1, claws 3, agile 2, fast metabolism 3,
gourmand, regeneration 1, shaggy fur 1, tough skin 2
a: Berserk, Trog's Hand, Renounce Religion


You were on level 4 of the Dungeon.
You worshipped Trog.
Trog was most pleased with you.
You were not hungry.

You visited 1 branch of the dungeon, and saw 4 of its levels.
You also visited: Ossuary.

You collected 121 gold pieces.

Inventory:

Missiles
 f - 52 stones (quivered)
Armour
 a - a +0 animal skin (worn)
Jewellery
 g - an uncursed amulet of regeneration {unknown}
Scrolls
 e - a scroll of remove curse
 h - 5 scrolls of identify
 j - 2 scrolls of magic mapping {unknown}
 o - a scroll of blinking
Potions
 c - a potion of heal wounds
 l - 2 potions of ambrosia {unknown}
 m - a potion of cancellation {unknown}
 n - a potion of brilliance {unknown}
 p - a potion of agility {unknown}
 q - a potion of curing {unknown}
Comestibles
 b - 5 rations
 d - 4 chunks of flesh


   Skills:
 + Level 4.2 Fighting
 + Level 1.1 Throwing
 - Level 2.4 Dodging
 * Level 6.7 Unarmed Combat


You had 6 spell levels left.
You didn't know any spells.
Your spell library was empty.

Dungeon Overview and Level Annotations

Branches:
Dungeon (4/15)
 Temple: D:4-7

Altars:
Hepliaklqana
Vehumet

Annotations:
D:1 Done
D:2 Done


Innate Abilities, Weirdness & Mutations

You are too large for most types of armour.
You have claws for hands.
Your metabolism is lightning-fast.
You like to eat raw meat.
Your natural rate of healing is unusually fast.
You are covered in fur. (AC +1)
You have very tough skin. (AC +2)
You have a pair of small antennae on your head.
You are very agile. (Dex +4)


Message History

You feel sick. The worker ant bites you.
* * * LOW HITPOINT WARNING * * *
You closely miss the worker ant. The worker ant bites you!
* * * LOW HITPOINT WARNING * * *
You closely miss the worker ant.
You feel sick. The worker ant barely misses you.
A red film seems to cover your vision as you go berserk!
You feel yourself moving faster!
You feel mighty! The worker ant bites you.
* * * LOW HITPOINT WARNING * * *
You are lethally poisoned!
The worker ant poisons you!
You barely miss the worker ant.
* * * LOW HITPOINT WARNING * * *
You feel sick. The worker ant barely misses you.
You are too berserk!
You are too berserk!
You scratch the worker ant.
The worker ant is lightly wounded.
The worker ant bites you.
You die...

########## ..........
.########### ####....
...........## ######.###
............#####)........
.........†..............##
.........@..............##
.........a.........).>....
)......<................##
#..........#†..$.#########
#.#.###.....†....# #
#.#..##...##(......# #
.......[..#((.##.#.#
.....................
......#....##......###


You could see a worker ant.

Vanquished Creatures
  An elf zombie (Ossuary)
  2 scorpions (D:4)
  A centaur zombie (Ossuary)
  2 human zombies (Ossuary)
  A bullfrog skeleton (D:4)
  2 iguanas (D:4)
  3 hound zombies (Ossuary)
  3 mummies (Ossuary)
  3 adders (D:2)
  An adder zombie (Ossuary)
  2 dart slugs
  3 leopard geckos
  3 orcs (D:4)
  2 bats
  2 giant cockroaches
  7 goblins
  3 hobgoblins
  10 jackals
  A quokka (D:4)
  2 gnoll zombies (Ossuary)
  4 goblin zombies
  6 hobgoblin zombies (Ossuary)
  5 jackal zombies (Ossuary)
  4 kobolds
  2 kobold zombies (Ossuary)
  An orc zombie (Ossuary)
  3 quokka zombies (Ossuary)
  3 rats
  5 rat zombies
87 creatures vanquished.

Vanquished Creatures (others)
  A goblin (D:2)
  A jackal (D:2)
2 creatures vanquished.

Grand Total: 89 creatures vanquished

Notes
Turn   | Place    | Note
-------+----------+-------------------------------------------
     0 | D:1      | Malhgor the Troll Berserker began the quest for the Orb.
     0 | D:1      | Reached XP level 1. HP: 22/22 MP: 0/0
    35 | D:2      | Reached XP level 2. HP: 29/29 MP: 1/1
    72 | D:2      | Reached XP level 3. HP: 27/36 MP: 2/2
   242 | D:1      | Reached skill level 4 in Unarmed Combat
   798 | D:2      | Reached ** piety under Trog
   820 | D:2      | Reached XP level 4. HP: 45/45 MP: 3/3
   915 | D:2      | Found a radiant altar of Vehumet.
  1446 | D:4      | Reached skill level 5 in Unarmed Combat
  1446 | D:4      | Reached XP level 5. HP: 53/53 MP: 4/4
  1482 | D:4      | Found a sand-covered staircase.
  1492 | Ossuary  | Entered an ossuary
  1658 | Ossuary  | Reached *** piety under Trog
  1673 | Ossuary  | Reached XP level 6. HP: 42/62 MP: 5/5
  1688 | Ossuary  | Reached skill level 6 in Unarmed Combat
  1858 | D:4      | Gained mutation: You are agile. (Dex +2) [potion of
                  | mutation]
  1858 | D:4      | Gained mutation: You have a pair of small antennae on your
                  | head. [potion of mutation]
  1858 | D:4      | Gained mutation: You are very agile. (Dex +4) [potion of
                  | mutation]
  1865 | D:4      | Found a hazy altar of Hepliaklqana.
  1920 | D:4      | Reached skill level 1 in Throwing
  1920 | D:4      | Reached XP level 7. HP: 23/70 MP: 6/6
  1940 | D:4      | HP: 3/105 [worker ant (4)]
  1942 | D:4      | Slain by a worker ant

Skill      XL: |  1  2  3  4  5  6 |
---------------+-------------------+-----
Unarmed Combat | 4 5 6 |  6.7
Fighting       | 3 4 |  4.2
Throwing       | 1 |  1.1
Dodging        | |  2.4

Action                   |  1- 3 |  4- 6 |  7- 9 || total
-------------------------+-------+-------+-------++-------
Melee: Unarmed           |    82 |   165 |     9 ||   256
       Punch             |     1 |     5 |       ||     6
Throw: Stone             |     1 |       |     2 ||     3
Invok: Berserk           |       |       |     1 ||     1
  Use: Scroll            |       |     5 |       ||     5
       Potion            |       |     3 |       ||     3
 Stab: Sleeping          |     1 |       |       ||     1
  Eat: Chunk             |    13 |     7 |       ||    20
Armor: Animal skin       |    28 |    47 |     1 ||    76
Dodge: Dodged            |    46 |    88 |     3 ||   137
